 Dungeon Crawl Stone Soup version 0.18.0-1-g0107ab7 (webtiles) character file.

96 Lovchig the Shield-Bearer (level 4, -4/40 HPs)
             Began as a Minotaur Fighter on May 5, 2016.
             Slain by Grinder (6 damage)
             ... on level 3 of the Dungeon.
             The game lasted 00:06:59 (1834 turns).

Lovchig the Shield-Bearer (Minotaur Fighter)        Turns: 1834, Time: 00:06:59

Health: -4/40      AC: 10    Str: 26    XL:     4   Next: 41%
Magic:  3/3        EV:  6    Int:  5    God:
Gold:   93         SH: 11    Dex: 10    Spells: 0 memorised, 3 levels left

rFire  . . .     SeeInvis .     a - +0 war axe
rCold  . . .     Gourm    .     l - +0 chain mail
rNeg   . . .     Faith    .     c - +1 shield
rPois  .         Spirit   .     (helmet restricted)
rElec  .         Dismiss  .     f - +0 cloak
rCorr  .         Reflect  .     (no gloves)
SustAt .         Harm     .     (no boots)
MR     .....                    (no amulet)
Stlth  ..........               (no ring)
                                (no ring)

@: mighty, not resistant to hostile enchantments, extremely unstealthy
A: retaliatory headbutt, horns 2
a: no special abilities


You were on level 3 of the Dungeon.
You were not hungry.

You visited 1 branch of the dungeon, and saw 3 of its levels.

You collected 93 gold pieces.

Inventory:

Hand Weapons
 a - a +0 war axe (weapon)
 q - a +0 club
 s - a cursed -2 mace
Armour
 b - a +0 scale mail
 c - a +1 shield (worn)
 f - a +0 cloak (worn)
 l - a +0 chain mail (worn)
Jewellery
 j - an uncursed amulet of inaccuracy
Wands
 p - a wand of paralysis (12/24)
Scrolls
 d - a scroll of identify
 e - a scroll of teleportation
 m - a scroll of blinking
 n - a scroll of magic mapping
Potions
 g - a potion of agility
 h - 3 potions of flight
 k - a potion of heal wounds
 o - a potion of brilliance {unknown}
Comestibles
 i - a beef jerky
 r - a meat ration


   Skills:
 + Level 4.2 Fighting
 + Level 2.7 Axes
 + Level 4.4 Armour
 + Level 1.4 Dodging
 + Level 4.8 Shields


You had 3 spell levels left.
You didn't know any spells.

Dungeon Overview and Level Annotations

Branches:
Dungeon (3/15)

Altars:
Makhleb
Pakellas

Annotations:
D:3 Grinder


Innate Abilities, Weirdness & Mutations

You reflexively headbutt those who attack you in melee.
You have a pair of horns on your head.


Message History

You kill the kobold!
Grinder blinks!
d - a scroll of identify
Things that are here:
a club; a hobgoblin corpse
q - a club Grinder blinks!
Found 17 arrows.
Grinder blinks!
You hit Grinder. You headbutt Grinder!
Grinder is almost dead.
Grinder gestures at you. Pain shoots through your body!
* * * LOW HITPOINT WARNING * * *
You closely miss Grinder. Your headbutt misses Grinder.
Grinder is almost dead.
Grinder hits you.
* * * LOW HITPOINT WARNING * * *
You writhe in agony.
You die...

##### #...# ####
######## #.... ....
#......## #.... #.
..##.......# #....
##...#.#.#.#.#.#####....
.......@...†)†..........
##...#5#.#.#)#.########.
#. ..(...(.....# #.
...#.#.#.#.#.## #.
#..............#
#...#.#.#.#.#.##
###............#
#.#.#.#.#.#.##


You could see Grinder.

Vanquished Creatures
  Terence (D:2)
  2 adders
  A worm (D:2)
  A dart slug (D:2)
  3 giant geckos
  An orc (D:3)
  A giant cockroach (D:1)
  A goblin (D:3)
  6 hobgoblins
  2 quokkas (D:2)
  2 ball pythons
  8 bats
  11 giant newts (D:2)
  2 kobolds (D:3)
  5 rats
47 creatures vanquished.

Notes
Turn   | Place    | Note
--------------------------------------------------------------
     0 | D:1      | Lovchig the Minotaur Fighter began the quest for the Orb.
     0 | D:1      | Reached XP level 1. HP: 19/19 MP: 0/0
   304 | D:1      | Reached XP level 2. HP: 27/27 MP: 1/1
   887 | D:2      | Found a burning altar of Makhleb.
   918 | D:2      | Reached XP level 3. HP: 25/33 MP: 2/2
   927 | D:2      | Found an oddly glowing altar of Pakellas.
   977 | D:2      | Reached skill level 1 in Dodging
  1159 | D:2      | Noticed Terence
  1182 | D:2      | Killed Terence
  1182 | D:2      | Reached XP level 4. HP: 7/40 MP: 3/3
  1812 | D:3      | Noticed Grinder
  1834 | D:3      | HP: 2/40 [Grinder (4)]
  1834 | D:3      | Slain by Grinder

Skill      XL: |  1  2  3 |
---------------+----------+-----
Shields        | 4 |  4.8
Dodging        | 1 |  1.4
Armour         | 4 |  4.4
Fighting       | 4 |  4.2
Axes           | |  2.7

Action                   |  1- 3 |  4- 6 || total
-------------------------+-------+-------++-------
Melee: War axe           |   205 |    12 ||   217
       Headbutt          |    13 |     2 ||    15
  Use: Scroll            |     3 |     5 ||     8
       Potion            |       |     1 ||     1
  Eat: Bread ration      |       |     1 ||     1
Armor: Scale mail        |    15 |       ||    15
       Chain mail        |   123 |     9 ||   132
Dodge: Dodged            |    60 |     6 ||    66
Block: Shield            |   150 |    15 ||   165
